AoeStats
← bkg45

MegaRandom

507597656Analyzed
4v4 RM · 13d ago on Sep 18, 2026· 36m 25s· 8 players
Game mode
Random Map
Map size
Large (8 player)
Population
200
Speed
Normal
Resources
Standard
Victory
Conquest
Starting age
Dark Age
Ending age
Imperial Age
RankedLock teamsTeams togetherTeam positionsShared explorationLock speedFull tech treeHidden civsTurbo modeCheats
Victory
Defeat
🇺🇸 Aztecs · United States
1320
+11
🇺🇸 Inca · United States
1230
+15
🇨🇦 Jurchens · Canada
1223
+15
🇺🇸 Portuguese · United States
1128
+18
🇦🇷 Wu · Argentina
1214
-15
🇵🇱 Vietnamese · Poland
1214
-15
🇺🇸 Slavs · United States
1211
-15
🇲🇽 Gurjaras · Mexico
1181
-14
skeletor
0:30 Loom
11:23 Feudal Age
15:16 Castle Age
13:58 Double-Bit Axe
17:14 Horse Collar
22:23 Wheelbarrow
23:00 Heavy Plow
24:29 Detinets
25:33 Fletching
35:01 Bow Saw
38:54 Imperial Age
david.indie108
3:31 Loom
12:57 Feudal Age
18:02 Castle Age
16:24 Gold Mining
16:20 Double-Bit Axe
16:16 Horse Collar
17:13 Wheelbarrow
17:59 Scale Barding Armor
18:05 Forging
18:59 Bloodlines
18:49 Husbandry
18:33 Fishing Lines
19:09 Heavy Plow
22:03 Iron Casting
23:32 Stone Mining
25:21 Chain Barding Armor
26:56 Iron Casting
30:03 Hand Cart
33:36 Imperial Age
30:39 Demolition Ship
32:20 Treadmill Crane
32:50 Masonry
32:59 Scale Mail Armor
33:27 Ballistics
33:22 Town Watch
33:43 Fletching
33:53 Padded Archer Armor
34:43 Conscription
jkeR.!
4:25 Loom
12:39 Feudal Age
15:20 Double-Bit Axe
17:36 Castle Age
16:19 Horse Collar
16:32 Fishing Lines
20:22 Wheelbarrow
22:30 Gillnets
24:42 Wheelbarrow
25:22 Heavy Plow
27:41 Bow Saw
28:10 Ballistics
30:51 Imperial Age
31:10 Imperial Age
28:58 Hand Cart
28:32 Loom
31:01 Stone Mining
31:01 Gold Mining
31:46 Medium Warships
33:56 Chemistry
32:37 Treadmill Crane
32:56 Fletching
33:06 Padded Archer Armor
34:45 Heavy Warships
heavensent
0:42 Loom
12:00 Feudal Age
16:04 Castle Age
14:10 Double-Bit Axe
17:41 Bow Saw
19:05 Wheelbarrow
18:13 Fishing Lines
20:10 Horse Collar
22:11 Heavy Plow
23:21 Hand Cart
25:54 Fletching
26:45 Bodkin Arrow
26:51 Padded Archer Armor
27:24 Gillnets
27:42 Loom
28:16 Bloodlines
28:06 Husbandry
29:14 Elite Skirmisher
30:36 Leather Archer Armor
34:24 Imperial Age
33:21 Scale Barding Armor
32:56 Light Cavalry
34:23 Chain Barding Armor
34:14 Forging
34:34 Gold Mining
34:35 Stone Mining
35:07 Bracer
35:42 Plate Barding Armor
35:30 Conscription
34:37 Elite Fire Archer
35:29 Town Watch
37:00 Iron Casting
35:47 Heavy Hei Guang Cavalry
FEMALE INCA VILLAGER
0:32 Loom
13:05 Feudal Age
17:11 Castle Age
15:42 Double-Bit Axe
16:22 Fletching
18:14 Bodkin Arrow
18:20 Padded Archer Armor
19:43 Bow Saw
21:32 Ballistics
23:44 Bloodlines
26:22 Wheelbarrow
27:53 Stone Mining
27:54 Gold Mining
30:12 Leather Archer Armor
30:18 Hand Cart
32:44 Imperial Age
33:09 Heavy Cavalry Archer
34:54 Chemistry
34:04 Clinker Construction
34:18 Conscription
33:59 Bracer
34:30 Ring Archer Armor
34:40 Gold Shaft Mining
36:38 Two-Man Saw
Howie
0:33 Loom
13:26 Feudal Age
18:25 Castle Age
16:21 Champi Runner
17:51 Scale Mail Armor
17:58 Double-Bit Axe
17:57 Horse Collar
18:54 Forging
18:29 Champi Warrior
23:44 Wheelbarrow
29:34 Imperial Age
27:26 Bow Saw
28:01 Squires
27:46 Arson
29:13 Hand Cart
29:42 Iron Casting
29:22 Chain Mail Armor
29:28 Gold Mining
29:33 Stone Mining
30:34 Heavy Plow
30:36 Town Watch
31:21 Conscription
31:08 Elite Kamayuk
32:21 Plate Mail Armor
32:52 Blast Furnace
33:02 Gold Shaft Mining
32:22 Fletching
32:48 Masonry
33:31 Fabric Shields
36:33 Crop Rotation
36:35 Bodkin Arrow
36:41 Padded Archer Armor
37:20 Hoardings
36:48 Town Patrol
osteor10
4:25 Loom
13:24 Feudal Age
18:40 Castle Age
19:00 Pikeman
20:59 Double-Bit Axe
28:51 Forging
35:13 Imperial Age
33:39 Wheelbarrow
32:55 Town Watch
bkg45
0:33 Loom
12:39 Feudal Age
17:04 Castle Age
14:58 Double-Bit Axe
16:25 Fishing Lines
16:59 Horse Collar
18:01 Bow Saw
19:35 Town Watch
23:49 Medium Warships
24:34 Wheelbarrow
24:05 Gillnets
25:22 Gold Mining
26:25 Hand Cart
29:36 Imperial Age
28:10 Scale Mail Armor
29:29 Chain Mail Armor
29:24 Forging
29:14 Arson
28:50 Eagle Warrior
29:49 Squires
30:57 Plate Mail Armor
30:02 Elite Eagle Warrior
30:58 Heavy Plow
32:26 Conscription
34:37 Iron Casting
36:27 Blast Furnace
36:07 Garland Wars
Connection lost

Rejoining the realm…

Still unreachable

The connection could not be restored.

Session expired

The server has moved on; the page needs a fresh start.